 Dungeon Crawl Stone Soup version 0.30-a0-723-gc1506a1cf0 (webtiles) character file.

Game seed: 1043436446868475713

54 teh the Magician (level 3, -11/27 (28) HPs)
             Began as a Gnoll Wanderer on Jan 28, 2023.
             Mangled by Ijyb
             ... wielding a +5 dagger of electrocution
              (12 damage)
             ... on level 2 of the Dungeon.
             The game lasted 00:02:28 (2257 turns).

teh the Magician (Gnoll Wanderer)                   Turns: 2257, Time: 00:02:28

HP:   -11/27 (28)   AC:  3    Str: 10    XL:     3   Next: 91%
MP:   0/11          EV: 10    Int: 14    God:
Gold: 196           SH:  4    Dex: 11    Spells: 16/16 levels left

rFire   . . .      SeeInvis .    f - +2 sling (drain)
rCold   . . .      Faith    .    d - +0 buckler
rNeg    . . .      Spirit   +    h - +0 leather armour
rPois   .          Reflect  .    (no helmet)
rElec   .          Harm     .    (no cloak)
rCorr   .          Rampage  .    (no gloves)
Will    .....                    (no boots)
Stlth   ++                       k - amulet of guardian spirit
HPRegen 0.24/turn                (no ring)
MPRegen 0.12/turn                (no ring)

@: studying Fighting, lightly drained
A: fangs 1, strong nose, distributed training
a: no special abilities


You were on level 2 of the Dungeon.
You visited 1 branch of the dungeon, and saw 3 of its levels.

You collected 196 gold pieces.

Inventory:

Hand Weapons
 a - a +1 dagger
 f - a +2 sling of draining (weapon)
Armour
 d - a +0 buckler (worn)
 h - a +0 leather armour (worn)
Jewellery
 k - an amulet of guardian spirit (around neck)
Scrolls
 i - 2 scrolls of identify
Potions
 b - 2 potions of curing
 e - a potion of attraction


   Skills:
 + Level 2.8 Fighting
 + Level 1.0 Short Blades
 + Level 1.0 Long Blades
 + Level 1.0 Axes
 + Level 1.0 Maces & Flails
 + Level 1.0 Polearms
 + Level 1.0 Staves
 + Level 1.0 Ranged Weapons
 + Level 1.0 Throwing
 + Level 1.0 Armour
 + Level 1.0 Dodging
 + Level 2.5 Stealth
 + Level 2.7 Shields
 + Level 1.0 Unarmed Combat
 + Level 7.2 Spellcasting
 + Level 0.7 Conjurations
 + Level 0.7 Hexes
 + Level 0.7 Summonings
 + Level 0.7 Necromancy
 + Level 0.7 Translocations
 + Level 0.7 Transmutations
 + Level 0.7 Fire Magic
 + Level 0.7 Ice Magic
 + Level 0.7 Air Magic
 + Level 0.7 Earth Magic
 + Level 2.2 Poison Magic
 + Level 2.7 Invocations
 + Level 2.7 Evocations


You had 16 spell levels left.
You didn't know any spells.
Your spell library contained the following spells:

 Spells                   Type           Power      Damage    Failure   Level
 Sting                    Tmut/Pois      36%        1d4       14%         1
 Freeze                   Ice            28%        1d5       19%         1
 Summon Small Mammal      Summ           28%        N/A       19%         1
 Scorch                   Fire           14%        2d5       28%         2
 Sublimation of Blood     Necr           7%         N/A       28%         2
 Wereblood                Tmut           7%         N/A       28%         2
 Spider Form              Tmut/Pois      9%         N/A       38%         3
 Summon Hydra             Summ           3%         N/A       100%        7


Dungeon Overview and Level Annotations

Branches:
Dungeon (3/15)

Altars:

Shops:
D:2 [

Annotations:
D:2 Ijyb


Innate Abilities, Weirdness & Mutations

You have very sharp teeth.
Your uncanny sense of smell can sniff out nearby items.
Your experience applies equally to all skills.


Message History

You shoot a sling bullet.
The sling bullet hits Ijyb but does no damage.
Ijyb is lightly wounded.
You shoot a sling bullet. The sling bullet hits Ijyb.
Ijyb is moderately wounded.
A hobgoblin comes into view.
You block Ijyb's attack.
Ijyb hits you with a +5 dagger of electrocution.
You climb upwards.
There is a stone staircase leading down here.
You shoot a sling bullet. The sling bullet closely misses Ijyb.
Ijyb zaps a wand.
The bolt of light hits you!
You are confused.
You are too confused!
You are too confused!
You are too confused!
You miss Ijyb.
Ijyb is moderately wounded.
Ijyb hits you with a +5 dagger of electrocution. x2
You bump into the rock wall.
Ijyb hits you with a +5 dagger of electrocution!
It was a potion of cancellation.
Your magical effects are unravelling.
You feel magically purged.
You feel less confused. You block Ijyb's attack.
You shoot a sling bullet.
The sling bullet hits Ijyb but does no damage.
You drain Ijyb.
Ijyb is moderately wounded.
Ijyb hits you with a +5 dagger of electrocution.
* * * LOW HITPOINT WARNING * * *
You shoot a sling bullet. The sling bullet hits Ijyb.
Ijyb is heavily wounded.
Ijyb hits you with a +5 dagger of electrocution.
* * * LOW HITPOINT WARNING * * *
Ijyb hits you with a +5 dagger of electrocution!
* * * LOW HITPOINT WARNING * * *
You are electrocuted!
You die...

##.##.#
####.....####...#....
..<##.#
#................###.
#####.#
#..#.....####........
#####.# ##..#....##
##÷#####. ......#
#.....#..# #...####.
############...####.#
#.#...##.
#............#
#.>.#.##.
#.####.......##
##.##.##÷ #.#
####@.)..# #.......
#.### #.g...#
####.### #...#
#.....# #.# ###.#
#.....# #.# #.#
#.....# #.# #.#
####### #.# #.#######
####.# #.......#####
#....# #.#####.#...#
#.####


You could see Ijyb (very drained).

Vanquished Creatures
  5 bats
  4 endoplasms
  3 giant cockroaches (D:1)
  5 goblins
  5 hobgoblins
  7 jackals (D:1)
  A quokka (D:1)
  8 ball pythons
  3 frilled lizards
  3 kobolds (D:1)
  4 rats
48 creatures vanquished.

Notes
Turn   | Place    | Note
-------+----------+-------------------------------------------
     0 | D:1      | teh the Gnoll Wanderer began the quest for the Orb.
     0 | D:1      | teh set off with the following items: a +0 dagger, a potion
                  | of curing, a +0 robe, a +0 buckler; and the following
                  | spells available to memorise: Sting, Freeze, Summon Small
                  | Mammal, Scorch, Spider Form.
     0 | D:1      | Reached XP level 1. HP: 17/17 MP: 8/8
   133 | D:1      | Reached XP level 2. HP: 8/23 MP: 10/10
   585 | D:1      | Reached XP level 3. HP: 26/28 MP: 11/11
   885 | D:1      | Found a faded altar of an unknown god.
  1554 | D:2      | Reached skill level 1 in Short Blades
  1554 | D:2      | Reached skill level 1 in Long Blades
  1554 | D:2      | Reached skill level 1 in Axes
  1554 | D:2      | Reached skill level 1 in Maces & Flails
  1554 | D:2      | Reached skill level 1 in Polearms
  1554 | D:2      | Reached skill level 1 in Staves
  1554 | D:2      | Reached skill level 1 in Ranged Weapons
  1554 | D:2      | Reached skill level 1 in Throwing
  1554 | D:2      | Reached skill level 1 in Armour
  1554 | D:2      | Reached skill level 1 in Dodging
  1554 | D:2      | Reached skill level 1 in Unarmed Combat
  2119 | D:2      | Found Peceorae's Armour Shop.
  2246 | D:3      | Noticed Ijyb
  2257 | D:2      | HP: 1/27 [Ijyb/+5 dagger of electrocution (5)]
  2257 | D:2      | Mangled by Ijyb

Illustrated notes

Levels and vault maps discovered:
D:1:      nagdon_arrival_double_spiral, layout_loops_corners,
          shapermc_ecumenical_altar_ellora, minmay_ruptured
D:2:      layout_loops_cross, serial_shops, shop
D:3:      layout_basic, uniq_natasha, uniq_ijyb

Skill      XL: |  1  2  3 |
---------------+----------+-----
Poison Magic   | 2 |  2.2
Short Blades   | 1 |  1.0
Long Blades    | 1 |  1.0
Axes           | 1 |  1.0
Maces & Flails | 1 |  1.0
Polearms       | 1 |  1.0
Staves         | 1 |  1.0
Ranged Weapons | 1 |  1.0
Throwing       | 1 |  1.0
Armour         | 1 |  1.0
Dodging        | 1 |  1.0
Unarmed Combat | 1 |  1.0
Fighting       | |  2.8
Stealth        | |  2.5
Shields        | |  2.7
Spellcasting   | |  7.2
Conjurations   | |  0.7
Hexes          | |  0.7
Summonings     | |  0.7
Necromancy     | |  0.7
Translocations | |  0.7
Transmutations | |  0.7
Fire Magic     | |  0.7
Ice Magic      | |  0.7
Air Magic      | |  0.7
Earth Magic    | |  0.7
Invocations    | |  2.7
Evocations     | |  2.7

Action                     || total
---------------------------++-------
  Melee: Dagger            ||   227
         Bite              ||    22
         Sling             ||     1
   Fire: Sling             ||     6
    Use: Scroll            ||     7
         Potion            ||     1
   Stab: Sleeping          ||     7
 Armour: Robe              ||    37
         Leather armour    ||     1
  Dodge: Dodged            ||   132
  Block: Buckler           ||    41

Table legend: (Time is in decaauts)
 A = Elapsed time spent in this place.
 B = Non-inter-level travel time spent in this place.
 C = Inter-level travel time spent in this place.
 D = Time resting spent in this place.
 E = Time spent auto-exploring this place.
 F = Levels seen in this place.
 G = Mean time per level.
                   A        B        C        D        E       F      G
               +--------+--------+--------+--------+--------+-----+--------+
         Total |   2303 |   2237 |     66 |      0 |   1735 |   3 |  767.7 |
       Dungeon |   2303 |   2237 |     66 |      0 |   1735 |   3 |  767.7 |
               +--------+--------+--------+--------+--------+-----+--------+

Top non-repeatable levels by time:
     D:1: 1536 daAuts
     D:2: 760 daAuts
     D:3: 6 daAuts
